 Dungeon Crawl Stone Soup version 0.22-a0-430-g6609fc6 (webtiles) character file.

3 Jynxie the Ogre Mage (level 1, 0/16 HPs)
             Began as an Ogre Wizard on May 26, 2018.
             Slain by an ooze (3 damage)
             ... on level 1 of the Dungeon.
             The game lasted 00:02:33 (347 turns).

Jynxie the Ogre Mage (Ogre Wizard)                   Turns: 347, Time: 00:02:34

Health: 0/16       AC:  3    Str: 10    XL:     1   Next: 50%
Magic:  1/5        EV: 10    Int: 19    God:
Gold:   4          SH:  0    Dex:  7    Spells: 6/7 levels left

rFire    . . .     SeeInvis .   (no weapon)
rCold    . . .     Gourm    .   (no shield)
rNeg     . . .     Faith    .   a - +0 robe
rPois    .         Spirit   .   b - +0 hat
rElec    .         Reflect  .   (no cloak)
rCorr    .         Harm     .   (gloves unavailable)
MR       .....                  (boots unavailable)
Stlth    +.........             (no amulet)
HPRegen  0.05/turn              (no ring)
MPRegen  0.09/turn              (no ring)

@: no status effects
A: large, unfitting armour, tough skin 1
a: no special abilities


You were on level 1 of the Dungeon.
You were not hungry.

You visited 1 branch of the dungeon, and saw 1 of its levels.

You collected 4 gold pieces.

Inventory:

Armour
 a - a +0 robe (worn)
 b - a +0 hat (worn)
Scrolls
 c - 2 scrolls of identify {unknown}
Potions
 d - a potion of heal wounds {unknown}
 f - a potion of agility {unknown}
Comestibles
 e - 2 rations {!d}


   Skills:
 + Level 0.3 Fighting
 + Level 1.8 Dodging
 + Level 1.4 Stealth
 + Level 3.6 Spellcasting
 * Level 1.1 Conjurations
   Level 0.8 Summonings
   Level 0.8 Translocations


You had 6 spell levels left.
You knew the following spells:

 Your Spells              Type           Power        Failure   Level  Hunger
a - Magic Dart            Conj           #...         9%          1    None

Your spell library contained the following spells:

 Spells                   Type           Power        Failure   Level  Hunger
 Conjure Flame            Conj/Fire      #.......     34%         3    ###....
 Slow                     Hex            #.......     22%         2    ##.....
 Mephitic Cloud           Conj/Pois/Air  #.......     36%         3    ###....
 Blink                    Tloc           N/A          16%         2    ##.....
 Call Imp                 Summ           #.......     16%         2    ##.....


Dungeon Overview and Level Annotations

Branches:
Dungeon (1/15)

Altars:


Innate Abilities, Weirdness & Mutations

You are too large for most types of armour.
You have tough skin. (AC +1)


Message History

* * * LOW HITPOINT WARNING * * *
Aim: a kobold, wielding a dagger (moderately wounded)
The magic dart hits the kobold.
You kill the kobold!
Your magical contamination has completely faded away.
You start resting.
You start resting.
All of the chunks of flesh in your inventory have rotted away.
Things that are here:
a dagger; a kobold corpse
d - an amethyst potion
f - a fizzy white potion
Found 13 gold pieces.
e - 2 rations {!d} (gained 1)
Found a shiny chain mail.
Found a bubbling golden potion.
A hobgoblin comes into view. It is wielding a club.
You see here 13 gold pieces.
A hobgoblin is nearby!
Aim: a hobgoblin, wielding a club (resting)
The magic dart hits the hobgoblin.
The hobgoblin shouts!
Aim: a hobgoblin, wielding a club (moderately wounded)
The magic dart hits the hobgoblin.
An ooze comes into view.
The hobgoblin hits you but does no damage.
Aim: a hobgoblin, wielding a club (heavily wounded)
The magic dart hits the hobgoblin.
The ooze quivers.
Aim: a hobgoblin, wielding a club (heavily wounded)
The magic dart hits the hobgoblin.
You kill the hobgoblin!
Aim: an ooze The magic dart hits the ooze.
Aim: an ooze (lightly wounded)
The magic dart hits the ooze.
You hit the ooze. You hit the ooze.
The ooze jiggles.
The ooze hits you.
You hit the ooze but do no damage.
The ooze jiggles.
The ooze hits you.
You hit the ooze. The ooze hits you.
* * * LOW HITPOINT WARNING * * *
You hit the ooze but do no damage. The ooze hits you.
* * * LOW HITPOINT WARNING * * *
You hit the ooze. The ooze hits you but does no damage. The ooze hits you.
You die...

#...####.#
##.......#
.......####
##.###....### ...
####...##### #..
###...(.###### #..
######)##...# ...
.........#...# .
.#####..@....###
###.J(....######
###...#......#
#..####..)######.#
.................
##.####.#########
#. #..# .# #.##
..#.#


You could see an ooze.

Vanquished Creatures
  A hobgoblin (D:1)
  A frilled lizard (D:1)
  2 kobolds (D:1)
4 creatures vanquished.

Notes
Turn   | Place    | Note
-------+----------+-------------------------------------------
     0 | D:1      | Jynxie the Ogre Wizard began the quest for the Orb.
     0 | D:1      | Reached XP level 1. HP: 16/16 MP: 5/5
   114 | D:1      | Reached skill level 1 in Conjurations
   347 | D:1      | Slain by an ooze

Vault maps used:
D:1:      elethiomel_arrival_quiet, feat_on_display

Skill      XL: |  1 |
---------------+----+-----
Conjurations   | 1 |  1.1
Fighting       | |  0.3
Dodging        | |  1.8
Stealth        | |  1.4
Spellcasting   | |  3.6
Summonings     | |  0.8
Translocations | |  0.8

Action                   || total
-------------------------++-------
Melee: Unarmed           ||    27
 Cast: Magic Dart        ||    11
Armor: Robe              ||     6
Dodge: Dodged            ||    11

Table legend:
 A = Spawn XP
 B = Non-spawn XP
 C = Spawn XP percentage of total XP
 D = Spawn monster count
 E = Non-spawn monster count
 F = Spawn count percentage of total count
 G = Total turns spent on level
                    A         B        C        D         E        F      G
               +---------+---------+-------+---------+---------+-------+---------
         Total |       0 |       5 |   0.0 |       0 |       4 |   0.0 |   347
               +---------+---------+-------+---------+---------+-------+---------
           D:1 |       0 |       5 |   0.0 |       0 |       4 |   0.0 |   347
               +---------+---------+-------+---------+---------+-------+---------
